 Dungeon Crawl Stone Soup version 0.29-a0-1047-g7c58e119a4 (webtiles) character file.

Game seed: 4521900829122288700

2 ytrimaz the Insei (level 1, -1/15 HPs)
             Began as a Demonspawn Transmuter on Aug 16, 2022.
             Slain by a hobgoblin (3 damage)
             ... on level 1 of the Dungeon.
             The game lasted 00:00:25 (236 turns).

ytrimaz the Insei (Demonspawn Transmuter)            Turns: 236, Time: 00:00:25

Health: -1/15      AC:  2    Str: 10    XL:     1   Next: 33%
Magic:  1/3        EV: 12    Int: 14    God:
Gold:   0          SH:  0    Dex: 13    Spells: 3/4 levels left

rFire   . . .      SeeInvis .     - Unarmed
rCold   . . .      Faith    .   (no shield)
rNeg    . . .      Spirit   .   a - +0 robe
rPois   .          Reflect  .   (helmet currently unavailable)
rElec   .          Harm     .   (no cloak)
rCorr   .          Rampage  .   (no gloves)
Will    +....                   (boots currently unavailable)
Stlth   +.........              (no amulet)
HPRegen 0.05/turn               e - ring of willpower
MPRegen 0.08/turn               (no ring)

@: appendages (expiring)
A: horns 2, talons 2
a: End Transformation


You were on level 1 of the Dungeon.
You had temporarily grown beastly horns and talons.
You visited 1 branch of the dungeon, and saw 1 of its levels.

Inventory:

Armour
 a - a +0 robe (worn)
Jewellery
 e - a ring of willpower (left hand)
Scrolls
 d - a scroll of identify {unknown}
Potions
 b - a potion of lignification
 c - a potion of curing {unknown}


   Skills:
 - Level 1.0 Fighting
 * Level 1.8 Dodging
 + Level 2.8 Unarmed Combat
 - Level 2.0 Spellcasting
 - Level 1.7 Transmutations


You had 3 spell levels left.
You knew the following spells:

 Your Spells              Type           Power      Damage    Failure   Level
a - Beastly Appendage     Tmut           12%        N/A       12%         1

Your spell library contained the following spells:

 Spells                   Type           Power      Damage    Failure   Level
 Sting                    Tmut/Pois      12%        1d3       17%         1
 Wereblood                Tmut           6%         N/A       17%         2
 Poisonous Vapours        Pois/Air       2%         N/A       34%         2
 Spider Form              Tmut/Pois      3%         N/A       45%         3
 Ice Form                 Ice/Tmut       3%         N/A       86%         4
 Olgreb's Toxic Radiance  Pois           1%         N/A       93%         4


Dungeon Overview and Level Annotations

Branches:
Dungeon (1/15)

Altars:

Shops:
D:1 [


Innate Abilities, Weirdness & Mutations

You have temporarily grown beastly horns and talons.


Message History

A hobgoblin is nearby!
A hobgoblin is nearby!
A hobgoblin is nearby!
You grow a pair of large bovine horns.
Your feet morph into talons.
Unknown command.
You hit the hobgoblin.
The hobgoblin is lightly wounded.
The hobgoblin hits you.
You extend your transformation's duration.
The hobgoblin hits you.
You hit the hobgoblin but do no damage.
You headbutt the hobgoblin, but do no damage.
The hobgoblin is lightly wounded.
The hobgoblin hits you.
You barely miss the hobgoblin. Your kick misses the hobgoblin.
Your headbutt misses the hobgoblin.
The hobgoblin is lightly wounded.
The hobgoblin misses you.
Unknown command.
You hit the hobgoblin. Your kick misses the hobgoblin.
The hobgoblin is moderately wounded.
The hobgoblin barely misses you.
You are too injured to fight recklessly!
You hit the hobgoblin. Your kick misses the hobgoblin.
The hobgoblin is severely wounded.
The hobgoblin hits you.
Unknown command.
You barely miss the hobgoblin.
The hobgoblin is severely wounded.
Your transformation is almost over.
The hobgoblin hits you.
* * * LOW HITPOINT WARNING * * *
You are too injured to fight recklessly!
You hit the hobgoblin but do no damage. Your headbutt misses the hobgoblin.
The hobgoblin is severely wounded.
Unknown command.
You barely miss the hobgoblin. Your headbutt misses the hobgoblin.
The hobgoblin is severely wounded.
The hobgoblin hits you.
You die...

.................
................... ..
.........>........# ..##
........<.........##....
........................
........................
.##............# .......
.##............##.....#
........##.(....@g.#
........##.........#
...................##
.......................
.........#.........####
.............).....#
........###........#
........# #........#
........# #........#


You could see a hobgoblin.

Vanquished Creatures
  A goblin (D:1)
  A ball python (D:1)
  A rat (D:1)
3 creatures vanquished.

Notes
Turn   | Place    | Note
-------+----------+-------------------------------------------
     0 | D:1      | ytrimaz the Demonspawn Transmuter began the quest for the
                  | Orb.
     0 | D:1      | Reached XP level 1. HP: 15/15 MP: 3/3
   147 | D:1      | Found Nammoen's Armour Emporium.
   236 | D:1      | Slain by a hobgoblin

Illustrated notes

Levels and vault maps discovered:
D:1:      dpeg_arrival_stonehenge_8_columns, layout_rooms, serial_shops, shop

Action                   || total
-------------------------++-------
Melee: Unarmed           ||    16
       Kick              ||     1
       Headbutt          ||     1
 Cast: Beastly Appendage ||     4
Armor: Robe              ||     1
Dodge: Dodged            ||    10

Table legend: (Time is in decaauts)
 A = Elapsed time spent in this place.
 B = Non-inter-level travel time spent in this place.
 C = Inter-level travel time spent in this place.
 D = Time resting spent in this place.
 E = Time spent auto-exploring this place.
 F = Levels seen in this place.
 G = Mean time per level.
                   A        B        C        D        E       F      G
               +--------+--------+--------+--------+--------+-----+--------+
         Total |    234 |    234 |      0 |      0 |    183 |   1 |  234.0 |
       Dungeon |    234 |    234 |      0 |      0 |    183 |   1 |  234.0 |
               +--------+--------+--------+--------+--------+-----+--------+

Top non-repeatable levels by time:
     D:1: 234 daAuts
